 Dungeon Crawl Stone Soup version 0.26.0-3-g156281e41b (webtiles) character file.

Game seed: 7261392686747845603

466039 ythm the Wrestler (level 23, -4/239 HPs)
             Began as a Troll Fighter on Jan 9, 2021.
             Was the Champion of Okawaru.
             Slain by a juggernaut skeleton (29 damage)
             ... on level 2 of the Crypt on Jan 10, 2021.
             The game lasted 02:09:51 (44134 turns).

ythm the Wrestler (Troll Fighter)                  Turns: 44134, Time: 02:09:51

Health: -4/239     AC: 21    Str: 34    XL:     23   Next: 16%
Magic:  32/32      EV: 22    Int:  4    God:    Okawaru [******]
Gold:   4616       SH: 25    Dex: 15    Spells: 19/22 levels left

rFire    + . .     SeeInvis .     - Unarmed
rCold    + + .     Faith    +   d - +0 tower shield {rN+}
rNeg     + . .     Spirit   .   Q - quicksilver dragon scales
rPois    +         Reflect  .   e - +1 hat "Syacagi" {Rampage rC++ rCorr Str+3}
rElec    .         Harm     .   W - scarf {repulsion}
rCorr    +         Rampage  +   (gloves unavailable)
Will     ++...                  (boots unavailable)
Stlth    ++........             w - amulet of faith
HPRegen  0.89/turn              T - +4 ring of evasion
MPRegen  0.23/turn              z - ring of protection from fire

@: heroism, finesse, hasted, repel missiles, very quick
A: large, unfitting armour, antennae 1, claws 3, high mp 1, sense surroundings
1, poison resistance, regeneration 1, screaming 1, shaggy fur 1, tough skin 3,
wild magic 1
}: 3/15 runes: barnacled, slimy, gossamer
a: Renounce Religion, Heroism, Finesse


You were on level 2 of the Crypt.
You worshipped Okawaru.
Okawaru was exalted by your worship.
You visited 10 branches of the dungeon, and saw 46 of its levels.
You also visited: Gauntlet and Ice Cave.

You collected 5865 gold pieces.
You spent 1249 gold pieces at shops.

Inventory:

Missiles
 a - 69 large rocks (quivered)
 c - 24 silver javelins
 M - 13 throwing nets
Armour
 b - +0 fire dragon scales
 d - a +0 tower shield of positive energy (worn)
 e - the +1 hat "Syacagi" (worn) {Rampage rC++ rCorr Str+3}
   (You found it on level 5 of the Lair of Beasts)

   It affects your strength (+3).
   It greatly protects you from cold.
   It provides partial protection from all sources of acid and corrosion.
   It bestows one free step when moving towards enemies.
 Q - quicksilver dragon scales (worn)
 S - +2 swamp dragon scales
 W - a scarf of repulsion (worn)
Jewellery
 w - an amulet of faith (around neck)
 y - an uncursed ring of see invisible
 z - a ring of protection from fire (right claw)
 B - an uncursed amulet of regeneration
 J - an uncursed ring of willpower
 T - a +4 ring of evasion (left claw)
Wands
 j - a wand of acid (14)
 t - a wand of enslavement (14)
 C - a wand of paralysis (8)
 D - a wand of disintegration (31)
 G - a wand of iceblast (80)
 N - a wand of digging (8)
Scrolls
 g - 29 scrolls of teleportation
 n - 16 scrolls of remove curse
 o - 10 scrolls of magic mapping
 p - 5 scrolls of identify
 q - 3 scrolls of blinking
 v - a scroll of acquirement {unknown}
 A - a scroll of silence
 F - 4 scrolls of immolation
 H - 3 scrolls of fear
 I - 6 scrolls of fog
 L - 2 scrolls of enchant armour
 U - a scroll of summoning
 Z - 2 scrolls of holy word
Potions
 f - a potion of cancellation
 h - 9 potions of brilliance
 i - 4 potions of haste
 k - 4 potions of magic
 m - 11 potions of curing
 s - 3 potions of heal wounds
 u - 8 potions of ambrosia
 x - 8 potions of mutation
 E - 2 potions of resistance
 K - 3 potions of might
 O - 3 potions of flight
 P - 8 potions of attraction
 X - a potion of invisibility
 Y - a potion of berserk rage
Miscellaneous
 l - a phial of floods
 r - a lightning rod (4/4)
 R - a phantom mirror
 V - a condenser vane


   Skills:
 + Level 16.1(21.1) Fighting
 - Level 9.0(14.0) Throwing
 + Level 14.3(19.3) Armour
 - Level 9.0(14.0) Dodging
 - Level 15.0(20.0) Shields
 - Level 21.5(26.5) Unarmed Combat
 - Level 10.0 Invocations
 - Level 10.0 Evocations


You had 19 spell levels left.
You knew the following spells:

 Your Spells              Type           Power        Failure   Level
a - Apportation           Tloc           0%           65%         1
b - Blink                 Tloc           N/A          78%         2

Your spell library contained the following spells:

 Spells                   Type           Power        Failure   Level
 Corona                   Hex            0%           65%         1
 Freeze                   Ice            0%           65%         1
 Magic Dart               Conj           0%           65%         1
 Shock                    Conj/Air       0%           65%         1
 Sting                    Tmut/Pois      0%           65%         1
 Summon Small Mammal      Summ           0%           65%         1
 Call Imp                 Summ           0%           78%         2
 Corpse Rot               Necr/Air       N/A          78%         2
 Ensorcelled Hibernation  Hex/Ice        0%           78%         2
 Poisonous Vapours        Pois/Air       0%           78%         2
 Searing Ray              Conj           0%           78%         2
 Sublimation of Blood     Necr           0%           78%         2
 Swiftness                Air            0%           78%         2
 Call Canine Familiar     Summ           0%           94%         3
 Confusing Touch          Hex            0%           94%         3
 Conjure Flame            Conj/Fire      0%           94%         3
 Dazzling Flash           Conj/Hex       0%           94%         3
 Frozen Ramparts          Ice            0%           94%         3
 Gell's Gravitas          Tloc           0%           94%         3
 Ignite Poison            Fire/Tmut/Pois 0%           94%         3
 Lesser Beckoning         Tloc           0%           94%         3
 Mephitic Cloud           Conj/Pois/Air  0%           94%         3
 Ozocubu's Armour         Ice            0%           94%         3
 Portal Projectile        Hex/Tloc       0%           94%         3
 Summon Guardian Golem    Hex/Summ       0%           94%         3
 Teleport Other           Tloc           0%           94%         3
 Tukima's Dance           Hex            0%           94%         3
 Airstrike                Air            0%           100%        4
 Fulminant Prism          Conj/Hex       0%           100%        4
 Hailstorm                Conj/Ice       0%           100%        4
 Ice Form                 Ice/Tmut       0%           100%        4
 Iskenderun's Mystic Bla  Conj/Tloc      0%           100%        4
 Olgreb's Toxic Radiance  Pois           0%           100%        4
 Passage of Golubria      Tloc           N/A          100%        4
 Petrify                  Tmut/Erth      0%           100%        4
 Summon Ice Beast         Ice/Summ       0%           100%        4
 Summon Lightning Spire   Summ/Air       0%           100%        4
 Alistair's Intoxication  Tmut/Pois      0%           100%        5
 Bolt of Magma            Conj/Fire/Erth 0%           100%        5
 Fireball                 Conj/Fire      0%           100%        5
 Irradiate                Conj/Tmut      0%           100%        5
 Iskenderun's Battlesphe  Conj           0%           100%        5
 Metabolic Englaciation   Hex/Ice        0%           100%        5
 Silence                  Hex/Air        0%           100%        5
 Summon Demon             Summ           0%           100%        5
 Summon Forest            Summ/Tloc      0%           100%        5
 Summon Mana Viper        Hex/Summ       0%           100%        5
 Yara's Violent Unravell  Hex/Tmut       0%           100%        5
 Dispersal                Tloc           0%           100%        6
 Eringya's Noxious Bog    Tmut/Pois      0%           100%        6
 Freezing Cloud           Conj/Ice/Air   0%           100%        6
 Invisibility             Hex            0%           100%        6
 Iron Shot                Conj/Erth      0%           100%        6
 Ozocubu's Refrigeration  Ice            0%           100%        6
 Shadow Creatures         Summ           N/A          100%        6
 Simulacrum               Ice/Necr       0%           100%        6
 Starburst                Conj/Fire      0%           100%        6
 Malign Gateway           Summ/Tloc      0%           100%        7
 Orb of Destruction       Conj           0%           100%        7
 Spellforged Servitor     Conj/Summ      0%           100%        7
 Summon Hydra             Summ           0%           100%        7
 Disjunction              Tloc           0%           100%        8
 Ignition                 Fire           0%           100%        8


Dungeon Overview and Level Annotations

Branches:
Dungeon (15/15)            Temple (1/1) D:7            Lair (6/6) D:8
 Shoals (4/4) Lair:2       Spider (4/4) Lair:4        Slime (5/5) Lair:5
    Orc (2/2) D:9             Elf (3/3) Orc:2        Vaults (4/5) D:13
  Crypt (2/3) Vaults:3     Depths (0/5) D:15          IceCv (visited)
Gauntlet (visited)

Altars:
Cheibriados
Dithmenos
Fedhas
Gozag
Hepliaklqana
Kikubaaqudgha
Makhleb
Nemelex Xobeh
Okawaru
Qazlal
Ru
Trog
Uskayaw
Vehumet
Wu Jian
Xom
Yredelemnul
Zin
The Shining One
Jiyva
Lugonu

Shops:
D:11 =   Orc:2 ([!*   Elf:3 }[!   Shoals:4 *

Portals:
Abyss: Spider:1

Annotations:
D:3 3 runed translucent doors, sizableburger's ghost, amateur KoIE
D:4 2 transporters, 3 runed translucent doors, Zeldest's ghost, weakling VSDe; fitz's ghost, novice GrFi
Lair:1 exclusion: 2 oklob plants
Vaults:2 3 runed translucent doors, Bidatih's ghost, adept MiBe; Faydane's ghost, veteran HuFi; Wueresid's ghost, adept DEWz; astronautguy's ghost, master FoEE


Innate Abilities, Weirdness & Mutations

You are too large for most types of armour.
You have claws for hands.
Your natural rate of healing is unusually fast.
You are covered in fur. (AC +1)
You have extremely tough skin. (AC +3)
You have a pair of small antennae on your head.
You have an increased reservoir of magic. (+10% MP)
You passively map a small area around you.
Your system is resistant to poisons. (rPois)
You occasionally shout uncontrollably at your foes.
Your spells are a little harder to cast, but a little more powerful.


Message History

Found a chain mail.
Unknown command.
Unknown command.
Blink to where?
Press: ? - help, Dir - move target
As you read the scroll of blinking, it crumbles to dust.
A zombie and a skeleton come into view.
The juggernaut skeleton closely misses you.
The juggernaut skeleton hits you but does no damage.
Found 7 silver javelins and 23 bolts.
Unknown command.
Unknown command.
You feel yourself speed up.
Unknown command.
Unknown command.
Unknown command.
Unknown command.
You feel yourself speed up. The juggernaut skeleton hits you!!
You die...

, , , , , ,, , , , * * *
, , * , ,, ,, , . ,*, ,
, + , ..(, ,,, + * ,
.....######+###..
....Z.Vz.@....... , ,
........Z....(... ,, ,
,.................
########................
#.....[#......###+###...
, #.....†#......# , +,..
* +....{.#..[...+, , . *
#......Z......#,, ,,
#......#......# , ,


You could see an ancient champion (fast), a vampire mage, a minotaur zombie and
a juggernaut skeleton.

Vanquished Creatures
  the Royal Jelly (Slime:5)
  Margery (Crypt:2)
  A bone dragon (Vaults:3)
  Arachne (Spider:4)
  Rupert (D:14)
  A shard shrike skeleton (Crypt:2)
  Asterion (Spider:4)
  14 acid blobs
  Frances (D:13)
  3 deep elf blademasters
  Gastronok (D:11)
  3 ancient champions
  Agnes (Elf:2)
  5 sphinxes
  2 tengu reavers (Vaults:2)
  5 azure jellies
  A storm dragon (Vaults:2)
  A frost giant (IceCv)
  9 deep elf sorcerers
  Ilsuiw (Shoals:3)
  Louise (Spider:4)
  15 vault wardens
  2 ghost moths
  4 curse skulls
  3 deep elf elementalists (Elf:3)
  An orc warlord (Orc:1)
  9 emperor scorpions
  18 ironheart preservers
  4 stone giants
  10 ghouls
  7 very ugly things
  6 deep elf demonologists
  3 vampire knights
  A spark wasp (Spider:2)
  14 deep elf annihilators
  6 entropy weavers
  A minotaur (Gauntlet)
  3 eidola
  Snorg (Lair:5)
  7 deep elf death magi
  4 jiangshi
  2 ettins
  A death ooze (Slime:4)
  7 merfolk impalers
  4 fire dragons
  10 vault guards
  4 great orbs of eyes
  4 merfolk javelineers (Shoals:4)
  7 yaktaur captains
  6 deep elf high priests (Elf:3)
  Josephine (D:13)
  The ghost of qdestroyer the Spear-Bearer, a journeyman MiFi of Qazlal (Shoals:2)
  Harold (D:8)
  5 ice dragons
  The ghost of qqq123 the Cleaver, a journeyman GrFi of Makhleb (Lair:1)
  12 boulder beetles
  A quicksilver dragon skeleton (Crypt:1)
  12 hydras
  Fannar (D:11)
  5 merfolk aquamancers (Shoals:4)
  4 death knights
  2 merfolk avatars
  12 centaur warriors
  A satyr (Shoals:3)
  30 two-headed ogres
  An alligator (Shoals:4)
  4 alligator snapping turtles (Shoals:4)
  A queen ant (Spider:4)
  3 vampire magi (Crypt:1)
  A death yak (IceCv)
  2 thrashing horrors (Gauntlet)
  A tengu warrior (D:13)
  26 dancing weapons
  12 ogre magi
  16 deep elf knights
  A storm dragon zombie (Crypt:2)
  Sonja (D:11)
  4 spriggans (Lair:1)
  A hell knight (Crypt:2)
  7 sea snakes
  23 skeletal warriors
  7 deep trolls
  6 unseen horrors
  A glowing orange brain (Slime:5)
  A storm dragon skeleton (Crypt:1)
  3 flayed ghosts
  3 wizards
  2 bog bodies
  5 phantasmal warriors
  A swamp dragon (Lair:6)
  11 deep elf archers
  10 harpies
  A golden dragon skeleton (Crypt:1)
  Pikel (D:8)
  7 orc knights
  2 necromancers
  11 orb spiders
  9 ironbrand convokers
  4 orc sorcerers
  A salamander (shapeshifter) (Vaults:2)
  7 shining eyes
  A frost giant zombie (Crypt:1)
  A cyclops (shapeshifter) (Vaults:4)
  29 wolf spiders
  14 cyclopes
  2 fauns
  58 deep elf magi
  A moth of wrath (Spider:1)
  A salamander (Lair:2)
  21 ugly things
  8 manticores
  An ice statue (IceCv)
  10 elephants
  6 merfolk sirens
  An iron dragon skeleton (Crypt:2)
  A centaur zombie (D:14)
  12 vault sentinels
  A frost giant skeleton (Vaults:2)
  3 eyes of devastation
  3 black mambas
  A molten gargoyle (Lair:2)
  A torpor snail (Spider:1)
  3 gargoyles
  A cane toad (shapeshifter) (Vaults:1)
  15 cane toads
  A storm dragon simulacrum (Vaults:1)
  13 freezing wraiths
  3 kobold demonologists
  2 minotaur zombies
  13 demonic crawlers
  2 rime drakes
  9 komodo dragons
  45 yaktaurs
  An efreet (D:14)
  A purple draconian skeleton (Crypt:1)
  36 jumping spiders
  13 trolls
  A queen bee (shapeshifter) (Vaults:1)
  15 merfolk
  A meliai (shapeshifter) (Elf:1)
  29 polar bears
  A polar bear (shapeshifter) (Vaults:3)
  A shadow dragon simulacrum (Vaults:3)
  Grinder (D:3)
  A raiju (shapeshifter) (Vaults:2)
  2 raiju (Lair:6)
  2 wind drakes (Shoals:4)
  Prince Ribbit (D:8)
  16 dream sheep
  3 snapping turtles
  8 hornets
  16 blink frogs
  A boulder beetle zombie (Crypt:2)
  79 slime creatures
  A fire giant simulacrum (Vaults:3)
  An ice dragon zombie (Crypt:1)
  Sigmund (D:6)
  78 redbacks
  2 air elementals
  2 shadows (D:11)
  11 water elementals
  17 fire bats (Lair:2)
  2 tarantellas (shapeshifter)
  27 tarantellas
  4 wyverns
  15 wraiths
  5 basilisks
  A vampire (D:14)
  65 yaks
  A ynoxinul (Gauntlet)
  A human (D:7)
  4 hogs
  A hog (shapeshifter) (Vaults:1)
  9 golden eyes
  5 vampire mosquitoes (D:13)
  3 steam dragons (Lair:6)
  2 human simulacra (Vaults:2)
  13 wargs
  24 soldier ants (Spider:4)
  4 acid dragons
  11 water moccasins
  15 hell hounds (Lair:6)
  A cane toad skeleton (Crypt:1)
  A phantom (D:9)
  18 orc warriors
  An ice beast (D:6)
  6 eyes of draining
  53 ogres
  15 black bears
  4 necrophages
  2 sky beasts
  A human zombie (Vaults:2)
  30 wolves
  3 boggarts (Vaults:2)
  17 centaurs
  2 lemures (D:8)
  3 big kobolds
  16 bullfrogs
  4 small abominations (Gauntlet)
  A draconian skeleton (Crypt:2)
  An earth elemental (Elf:2)
  A glowing shapeshifter simulacrum (Vaults:2)
  A water moccasin zombie (D:5)
  A wyvern skeleton (D:11)
  3 killer bees
  4 scorpions
  A manticore simulacrum (Crypt:1)
  A troll skeleton (Crypt:1)
  9 wights
  2 electric eels
  4 howler monkeys
  A yak skeleton (Crypt:1)
  4 bullfrog zombies
  9 hounds
  2 lava snakes (Lair:2)
  2 quasits
  4 jellies
  2 bullfrog skeletons
  21 orc wizards
  10 orc priests
  2 centaur skeletons
  4 iron imps (Gauntlet)
  Jessica (D:3)
  6 iguanas
  27 worker ants
  2 hound zombies
  2 hound skeletons
  A howler monkey zombie (D:11)
  4 gnolls (D:5)
  A howler monkey skeleton (D:11)
  11 adders
  A shadow imp (D:5)
  16 white imps
  2 ufetubi
  An ooze (D:2)
  An adder zombie (D:8)
  An adder skeleton (D:7)
  4 worms
  A barachi skeleton (Crypt:1)
  5 dart slugs
  3 leopard geckos
  90 orcs
  2 ball pythons
  2 bats (D:2)
  4 giant cockroaches
  7 goblins
  A hobgoblin (D:2)
  11 jackals
  8 quokkas
  A dart slug zombie (Crypt:1)
  3 frilled lizards
  A giant cockroach zombie (D:5)
  21 kobolds
  A leopard gecko skeleton (D:6)
  5 rats
1856 creatures vanquished.

Vanquished Creatures (collateral kills)
  A death ooze (Slime:5)
  A centaur warrior (D:15)
  A tengu conjurer (D:15)
  A troll (D:15)
  A redback (Spider:1)
  A tarantella (Spider:1)
  2 centaurs (D:15)
8 creatures vanquished.

Vanquished Creatures (others)
  A deep elf archer (Vaults:1)
  A deep elf mage (Vaults:4)
  An orc sorcerer (Elf:1)
  An air elemental (Elf:1)
  A redback (Spider:1)
  A water elemental (Elf:2)
  An iguana (Lair:6)
  3 orcs
  A demonic plant (Gauntlet)
  21 fungi
  2 lurking horrors (Spider:1)
  117 plants
  2 withered plants (Vaults:2)
153 creatures vanquished.

Grand Total: 2017 creatures vanquished

Notes
Turn   | Place    | Note
-------+----------+-------------------------------------------
     0 | D:1      | ythm the Troll Fighter began the quest for the Orb.
     0 | D:1      | Reached XP level 1. HP: 22/22 MP: 0/0
   227 | D:1      | Reached XP level 2. HP: 29/29 MP: 1/1
   757 | D:2      | Reached skill level 3 in Unarmed Combat
   757 | D:2      | Reached XP level 3. HP: 32/36 MP: 2/2
   837 | D:2      | Noticed a bullfrog
   865 | D:2      | Killed a bullfrog
   866 | D:2      | Reached skill level 4 in Unarmed Combat
   866 | D:2      | Reached XP level 4. HP: 15/44 MP: 3/3
  1194 | D:3      | Noticed Jessica
  1197 | D:3      | Killed Jessica
  1198 | D:3      | Reached XP level 5. HP: 50/50 MP: 4/4
  1198 | D:3      | Noticed Grinder
  1209 | D:3      | Killed Grinder
  1210 | D:3      | Reached skill level 5 in Unarmed Combat
  1210 | D:3      | Reached XP level 6. HP: 37/59 MP: 5/5
  1359 | D:3      | Noticed sizableburger's ghost (amateur KoIE)
  1390 | D:3      | Found a runed translucent gate.
  1390 | D:3      | Found a runed translucent gate.
  1390 | D:3      | Found a runed translucent gate.
  1749 | D:3      | Found a sparkling altar of Nemelex Xobeh.
  2013 | D:4      | Reached skill level 6 in Unarmed Combat
  2125 | D:4      | Found a transporter.
  2146 | D:4      | Reached XP level 7. HP: 66/66 MP: 6/6
  2326 | D:4      | Found a runed translucent gate.
  2326 | D:4      | Found a runed translucent gate.
  2327 | D:4      | Found a runed translucent gate.
  2327 | D:4      | Noticed Zeldest's ghost (weakling VSDe)
  2327 | D:4      | Noticed fitz's ghost (novice GrFi)
  2460 | D:4      | Found a transporter.
  2705 | D:5      | Entered Level 5 of the Dungeon
  2875 | D:5      | Reached skill level 7 in Unarmed Combat
  2912 | D:5      | Found a snail-covered altar of Cheibriados.
  3103 | D:5      | Reached skill level 5 in Shields
  3139 | D:5      | Reached XP level 8. HP: 68/74 MP: 7/7
  3256 | D:5      | Reached skill level 8 in Unarmed Combat
  3560 | D:6      | Noticed Sigmund
  3719 | D:6      | Killed Sigmund
  3720 | D:6      | Reached skill level 9 in Unarmed Combat
  4273 | D:7      | Found a staircase to the Ecumenical Temple.
  4301 | Temple   | Entered the Ecumenical Temple
  4391 | Temple   | Became a worshipper of Warmaster Okawaru
  4744 | D:7      | Found a hide-covered altar of Uskayaw.
  4748 | D:7      | Noticed a +0 hand axe
  4749 | D:7      | Noticed a +0 dagger
  4946 | D:7      | Reached XP level 9. HP: 80/80 MP: 8/8
  4993 | D:7      | Reached skill level 10 in Unarmed Combat
  5271 | D:8      | Noticed Pikel
  5286 | D:8      | Killed Pikel
  5286 | D:8      | Reached * piety under Okawaru
  5620 | D:8      | Noticed Harold
  5627 | D:8      | Noticed Prince Ribbit
  5756 | D:7      | Reached skill level 11 in Unarmed Combat
  5810 | D:7      | Reached ** piety under Okawaru
  6043 | D:9      | HP: 4/80 [ogre/cursed -1 giant spiked club (20)]
  6048 | D:9      | HP: 4/80 [poisoned by a killer bee]
  6241 | D:8      | Reached XP level 10. HP: 61/88 MP: 9/9
  6295 | D:8      | Killed Prince Ribbit
  6427 | D:8      | Killed Harold
  6427 | D:8      | Reached *** piety under Okawaru
  6428 | D:8      | Reached skill level 12 in Unarmed Combat
  6621 | D:8      | Found a staircase to the Lair.
  7304 | D:9      | Found a staircase to the Orcish Mines.
  7412 | D:9      | Found a glowing golden altar of the Shining One.
  7629 | D:10     | Entered Level 10 of the Dungeon
  7853 | D:10     | Reached **** piety under Okawaru
  7947 | D:10     | Reached skill level 13 in Unarmed Combat
  8255 | D:11     | Noticed Fannar
  8268 | D:11     | Killed Fannar
  8391 | D:11     | Noticed a two-headed ogre
  8395 | D:11     | Killed a two-headed ogre
  8395 | D:11     | Reached ***** piety under Okawaru
  8396 | D:11     | Reached XP level 11. HP: 94/94 MP: 10/10
  8796 | D:11     | Found Aryblugi's Jewellery Emporium.
  8810 | D:11     | Noticed a soul eater
  8866 | D:11     | Noticed a white ugly thing
  8873 | D:11     | Killed a white ugly thing
  8942 | D:11     | Noticed Gastronok
  8959 | D:11     | Killed Gastronok
  8960 | D:11     | Reached skill level 14 in Unarmed Combat
  9216 | D:11     | Noticed Sonja
  9223 | D:11     | Killed Sonja
  9492 | D:11     | Noticed a two-headed ogre
  9505 | D:11     | Killed a two-headed ogre
  9505 | D:11     | Reached ****** piety under Okawaru
  9506 | D:11     | Noticed a white ugly thing
  9514 | D:11     | Killed a white ugly thing
  9561 | D:11     | Received a gift from Okawaru
  9820 | D:11     | Bought a +4 ring of protection for 360 gold pieces
  9820 | D:11     | Bought a +4 ring of evasion for 360 gold pieces
  9926 | D:12     | Reached skill level 15 in Unarmed Combat
  9955 | D:12     | You fall into a shaft and drop 3 floors!
  9955 | D:15     | Entered Level 15 of the Dungeon
 10036 | D:15     | Noticed a two-headed ogre
 10036 | D:15     | Noticed a centaur warrior
 10046 | D:15     | Killed a two-headed ogre
 10049 | D:15     | Killed a centaur warrior
 10049 | D:15     | Received a gift from Okawaru
 10050 | D:15     | Reached skill level 10 in Shields
 10050 | D:15     | Reached XP level 12. HP: 41/104 MP: 11/11
 10307 | D:13     | Noticed Josephine
 10316 | D:13     | Killed Josephine
 10489 | D:13     | Noticed a fire dragon
 10489 | D:13     | Noticed a centaur warrior
 10498 | D:13     | Noticed a tengu warrior
 10499 | D:13     | Noticed a six-headed hydra
 10587 | D:13     | Reached skill level 16 in Unarmed Combat
 10658 | D:13     | Received a gift from Okawaru
 10721 | D:13     | Noticed Frances
 10756 | D:13     | Killed Frances
 10904 | D:13     | Noticed a boulder beetle
 10905 | D:13     | Noticed an ironheart preserver
 10906 | D:13     | Found a gate to the Vaults.
 10920 | D:13     | Killed an ironheart preserver
 10936 | D:13     | Killed a boulder beetle
 10978 | D:13     | Noticed a four-headed hydra
 10998 | D:13     | Killed an 11-headed hydra
 11209 | D:13     | Noticed a centaur warrior
 11215 | D:13     | Killed a centaur warrior
 11216 | D:13     | Reached skill level 17 in Unarmed Combat
 11278 | D:13     | Reached XP level 13. HP: 100/110 MP: 12/12
 11524 | D:13     | Received a gift from Okawaru
 11530 | D:13     | Reached skill level 1 in Invocations
 11544 | D:13     | Killed a fire dragon
 11863 | D:14     | Noticed Rupert
 11872 | D:14     | Paralysed by Rupert for 4 turns
 11881 | D:14     | Killed Rupert
 12174 | D:14     | Reached skill level 18 in Unarmed Combat
 12199 | D:14     | Received a gift from Okawaru
 12224 | D:14     | Got a glimmering fustibalus {god gift}
 12226 | D:14     | Identified the +9 fustibalus of the Hungering Ancients
                  | {venom, rC- Int+3} (Okawaru gifted it to you on level 14 of
                  | the Dungeon)
 12766 | Orc:1    | Entered Level 1 of the Orcish Mines
 12851 | Orc:2    | Entered Level 2 of the Orcish Mines
 12906 | Orc:2    | Reached XP level 14. HP: 87/120 MP: 16/16
 12922 | Orc:2    | Received a gift from Okawaru
 12951 | Orc:2    | Reached skill level 5 in Invocations
 12983 | Orc:2    | HP: 5/122 [ogre mage/+2 spear of venom (13)]
 13195 | Orc:2    | Got a slimy robe {god gift}
 13208 | Orc:2    | Identified the +1 robe of Feleont {+Blink Will++ Regen+
                  | Int-5} (Okawaru gifted it to you on level 2 of the Orcish
                  | Mines)
 13208 | Orc:2    | Lost intelligence.
 13335 | Orc:2    | Found Puem Cyne's Distillery.
 13338 | Orc:2    | Found Qitahis's Weapon Boutique.
 13346 | Orc:2    | Found Zuqol's General Store.
 13347 | Orc:2    | Found Oraor's Armour Shoppe.
 13610 | Orc:2    | Found a staircase to the Elven Halls.
 14030 | Orc:1    | Noticed an orc warlord
 14070 | Orc:1    | Killed an orc warlord
 14360 | Lair:1   | Entered Level 1 of the Lair of Beasts
 14491 | Lair:1   | Reached skill level 5 in Dodging
 14493 | Lair:1   | Reached skill level 5 in Fighting
 14501 | Lair:1   | Received a gift from Okawaru
 15078 | Lair:1   | Found a runed translucent door.
 15080 | Lair:1   | Identified the cursed +1 trident "Voodeumi" {venom, Int+5}
 15249 | Lair:1   | Noticed qqq123's ghost (journeyman GrFi)
 15362 | Lair:2   | Found a staircase to the Shoals.
 15562 | Lair:2   | Reached skill level 1 in Throwing
 15562 | Lair:2   | Received a gift from Okawaru
 15567 | Lair:2   | Reached skill level 1 in Armour
 16251 | Lair:3   | You fall into a shaft and drop 3 floors!
 16251 | Lair:6   | Entered Level 6 of the Lair of Beasts
 16338 | Lair:6   | Reached XP level 15. HP: 135/135 MP: 19/19
 16569 | Lair:5   | Noticed Snorg
 16605 | Lair:5   | Killed Snorg
 16807 | Lair:5   | Found a blossoming altar of Fedhas.
 16862 | Lair:5   | Found the +8 lance "Wyrmbane" {slay drac, rPois rF+ rC+
                  | AC+3}
 17110 | Lair:5   | Found a viscous altar of Jiyva.
 17111 | Lair:5   | Found a staircase to the Slime Pits.
 17124 | Lair:5   | Found a runed translucent door.
 17371 | Lair:5   | Got a shimmering hat
 17382 | Lair:5   | Identified the +1 hat "Syacagi" {Rampage rC++ rCorr Str+3}
                  | (You found it on level 5 of the Lair of Beasts)
 17384 | Lair:5   | Got an ebony whip
 17385 | Lair:5   | Identified the +9 whip of Edyat {flame, rF+} (You found it
                  | on level 5 of the Lair of Beasts)
 17491 | Lair:4   | Received a gift from Okawaru
 17526 | Lair:4   | Found a frozen archway.
 17573 | IceCv    | Entered an ice cave
 17894 | IceCv    | Noticed a frost giant
 17912 | IceCv    | Received a gift from Okawaru
 17930 | IceCv    | Killed a frost giant
 17942 | IceCv    | Received a gift from Okawaru
 17947 | IceCv    | Got a brightly glowing hat {god gift}
 18007 | Lair:4   | Found a gate leading to a gauntlet.
 18016 | Gauntlet | Entered a Gauntlet
 18016 | Gauntlet | Found a transporter.
 18016 | Gauntlet | Found a transporter.
 18019 | Gauntlet | Found a transporter.
 18020 | Gauntlet | Found a transporter.
 18023 | Gauntlet | Found a transporter.
 18023 | Gauntlet | Found a transporter.
 18053 | Gauntlet | Found a transporter.
 18053 | Gauntlet | Found a transporter.
 18061 | Gauntlet | Found a transporter.
 18076 | Gauntlet | Found a runed translucent gate.
 18077 | Gauntlet | Found a transporter.
 18077 | Gauntlet | Found a runed translucent gate.
 18078 | Gauntlet | Found a runed translucent gate.
 18081 | Gauntlet | Found a transporter.
 18099 | Gauntlet | Found a transporter.
 18176 | Gauntlet | Identified the +4 hat of the Bagpipe {Will- rCorr Str+3
                  | Dex+9} (Okawaru gifted it to you in an ice cave)
 18194 | Gauntlet | Found a runed translucent door.
 18382 | Gauntlet | Identified the +1 chain mail "Galexyry" {+Inv rF+ Str+2
                  | SInv}
 18392 | Gauntlet | Reached skill level 5 in Armour
 18423 | Gauntlet | Got a smoking battleaxe
 18722 | Lair:4   | Found a hole to the Spider Nest.
 19823 | Lair:6   | Reached XP level 16. HP: 129/149 MP: 21/21
 20258 | Lair:6   | Received a gift from Okawaru
 20261 | Lair:6   | Got a crude robe {god gift}
 20275 | Lair:6   | Identified the +1 robe of Duck's Teeth {+Blink +Fly rC++
                  | Will-} (Okawaru gifted it to you on level 6 of the Lair of
                  | Beasts)
 21818 | Lair:1   | Killed qqq123's ghost
 22029 | Elf:1    | Entered Level 1 of the Elven Halls
 22348 | Elf:1    | Received a gift from Okawaru
 22503 | Elf:1    | Received a gift from Okawaru
 23280 | Elf:2    | Found a huge runed translucent gate.
 23280 | Elf:2    | Found a huge runed translucent gate.
 23280 | Elf:2    | Found a huge runed translucent gate.
 23282 | Elf:2    | Received a gift from Okawaru
 23285 | Elf:2    | Found a huge runed translucent gate.
 23285 | Elf:2    | Found a huge runed translucent gate.
 23294 | Elf:2    | Noticed a deep elf blademaster
 23322 | Elf:2    | Killed a deep elf blademaster
 23546 | Elf:2    | Reached skill level 10 in Armour
 23706 | Elf:2    | Reached XP level 17. HP: 132/162 MP: 20/22
 24026 | Elf:2    | Noticed Agnes
 24034 | Elf:2    | Killed Agnes
 24758 | Spider:1 | Entered Level 1 of the Spider Nest
 24782 | Spider:1 | Received a gift from Okawaru
 24823 | Spider:1 | Reached skill level 1 in Evocations
 25062 | Spider:1 | Found a one-way gate to the infinite horrors of the Abyss.
 25254 | Spider:1 | Found a corrupted altar of Lugonu.
 25411 | Spider:2 | Received a gift from Okawaru
 25421 | Spider:2 | Reached skill level 15 in Shields
 25871 | Spider:2 | Received a gift from Okawaru
 27141 | Spider:4 | Entered Level 4 of the Spider Nest
 27303 | Spider:4 | Noticed Louise
 27324 | Spider:4 | Killed Louise
 27351 | Spider:4 | Noticed Asterion
 27364 | Spider:4 | Killed Asterion
 27457 | Spider:4 | Noticed Arachne
 27510 | Spider:4 | Killed Arachne
 27511 | Spider:4 | Reached XP level 18. HP: 46/171 MP: 18/23
 27857 | Spider:4 | Reached skill level 5 in Evocations
 27991 | Spider:4 | Received a gift from Okawaru
 28161 | Spider:4 | Got a gossamer rune of Zot
 28494 | Spider:4 | Reached skill level 5 in Throwing
 28826 | Shoals:1 | Entered Level 1 of the Shoals
 28908 | Shoals:2 | Found a runed translucent door.
 28933 | Shoals:2 | Found a shimmering altar of Xom.
 28933 | Shoals:2 | Noticed qdestroyer's ghost (journeyman MiFi)
 28950 | Shoals:2 | Killed qdestroyer's ghost
 29269 | Shoals:3 | Received a gift from Okawaru
 29275 | Shoals:3 | Noticed Ilsuiw
 29296 | Shoals:3 | Killed Ilsuiw
 29351 | Shoals:4 | Entered Level 4 of the Shoals
 29436 | Shoals:4 | Reached skill level 10 in Fighting
 29523 | Shoals:4 | Received a gift from Okawaru
 29948 | Shoals:4 | Got a barnacled rune of Zot
 30128 | Shoals:4 | Received a gift from Okawaru
 30235 | Shoals:4 | Found Foqannyse's Mayhem Merchandise.
 30555 | Vaults:1 | Entered Level 1 of the Vaults
 30712 | Vaults:1 | Reached XP level 19. HP: 175/183 MP: 24/24
 31348 | Vaults:1 | Reached skill level 19 in Unarmed Combat
 31908 | Vaults:1 | Received a gift from Okawaru
 33244 | Vaults:2 | Received a gift from Okawaru
 33760 | Vaults:2 | Received a gift from Okawaru
 33764 | Vaults:2 | Reached XP level 20. HP: 169/196 MP: 25/25
 33770 | Vaults:2 | Got a faintly humming animal skin {god gift}
 33782 | Vaults:2 | Identified the +1 animal skin "Vimuk" {*Corrode rF+ rC+
                  | Str+3} (Okawaru gifted it to you on level 2 of the Vaults)
 33922 | Vaults:2 | Found a runed translucent gate.
 33922 | Vaults:2 | Found a runed translucent gate.
 33922 | Vaults:2 | Found a runed translucent gate.
 33922 | Vaults:2 | Noticed Bidatih's ghost (adept MiBe)
 33922 | Vaults:2 | Noticed Faydane's ghost (veteran HuFi)
 33923 | Vaults:2 | Noticed astronautguy's ghost (master FoEE)
 33923 | Vaults:2 | Noticed Wueresid's ghost (adept DEWz)
 34750 | Vaults:3 | Reached skill level 20 in Unarmed Combat
 34755 | Vaults:3 | Received a gift from Okawaru
 34904 | Vaults:3 | Received a gift from Okawaru
 35046 | Vaults:3 | Received a gift from Okawaru
 35502 | Vaults:3 | Noticed a bone dragon
 35516 | Vaults:3 | Killed a bone dragon
 35532 | Vaults:3 | Found a staircase to the Crypt.
 35584 | Vaults:3 | Found a bloodstained altar of Trog.
 36520 | Vaults:4 | Received a gift from Okawaru
 36536 | Vaults:4 | Reached XP level 21. HP: 171/210 MP: 24/26
 36991 | Vaults:4 | Paralysed by a sphinx for 2 turns
 37271 | Vaults:4 | Reached skill level 21 in Unarmed Combat
 37274 | Vaults:4 | Received a gift from Okawaru
 37336 | Vaults:4 | Found the +3 robe of Folly {Archmagi, Will-- Int+5}
 38409 | Elf:3    | Entered Level 3 of the Elven Halls
 38418 | Elf:3    | Found Uteodau's Armour Boutique.
 38426 | Elf:3    | Found Qopy's Gadget Shop.
 38436 | Elf:3    | Bought a wand of digging (3) for 154 gold pieces
 38791 | Elf:3    | Received a gift from Okawaru
 38792 | Elf:3    | Reached skill level 15 in Fighting
 38874 | Elf:3    | Found Teuchack's Distillery.
 38881 | Elf:3    | Bought 2 potions of haste for 300 gold pieces
 38881 | Elf:3    | Bought a potion of heal wounds for 75 gold pieces
 39093 | Elf:3    | Identified the cursed +3 scythe of the Genius {vorpal,
                  | Int+5}
 39152 | Elf:3    | Identified the +10 falchion of Peril {vorpal, rN+ Will+}
 39317 | Elf:3    | Identified the +9 mace of a ziggurat {vorpal, rElec Will+
                  | Int-5}
 39392 | Elf:3    | Identified the Tome of Creation and the Oath
 39420 | Elf:3    | Identified the ring "Ufeevol" {+Inv rElec rF+}
 39458 | Elf:3    | Identified the Reference Book on Feathers
 39469 | Elf:3    | Received a gift from Okawaru
 39494 | Elf:3    | Got a crude crystal plate armour
 39495 | Elf:3    | Identified the +4 crystal plate armour "Bops" {rPois rF-
                  | Str+5 Dex+9} (You found it on level 3 of the Elven Halls)
 39729 | Elf:3    | Reached XP level 22. HP: 220/227 MP: 27/27
 40336 | Slime:1  | Entered Level 1 of the Pits of Slime
 40345 | Slime:1  | Gained mutation: Scrolls take you a little longer to read.
                  | [a shining eye]
 40369 | Slime:1  | Received a gift from Okawaru
 40370 | Slime:1  | Got an ichor-stained dagger {god gift}
 40838 | Slime:3  | Gained mutation: Your spells are a little easier to cast,
                  | but a little less powerful. [a shining eye]
 40839 | Slime:3  | Gained mutation: Scrolls take you longer to read. [a
                  | shining eye]
 40871 | Slime:2  | Gained mutation: You possess an exceptional clarity of
                  | mind. [a shining eye]
 41091 | Slime:2  | Received a gift from Okawaru
 41549 | Slime:5  | Entered Level 5 of the Pits of Slime
 41579 | Slime:5  | Paralysed by a great orb of eyes for 7 turns
 41608 | Slime:5  | Received a gift from Okawaru
 41913 | Slime:4  | Lost mutation: Your spells are a little easier to cast, but
                  | a little less powerful. [potion of mutation]
 41913 | Slime:4  | Lost mutation: Scrolls take you longer to read. [potion of
                  | mutation]
 41913 | Slime:4  | Lost mutation: You possess an exceptional clarity of mind.
                  | [potion of mutation]
 41913 | Slime:4  | Gained mutation: You are weak. (Str -2) [potion of
                  | mutation]
 41913 | Slime:4  | Gained mutation: You have an increased reservoir of magic.
                  | (+10% MP) [potion of mutation]
 41913 | Slime:4  | Gained mutation: You are agile. (Dex +2) [potion of
                  | mutation]
 41913 | Slime:4  | Gained mutation: Your system is resistant to poisons.
                  | (rPois) [potion of mutation]
 41914 | Slime:4  | Lost mutation: You are weak. (Str -2) [potion of mutation]
 41914 | Slime:4  | Gained mutation: You have a pair of small horns on your
                  | head. [potion of mutation]
 41915 | Slime:4  | Lost mutation: You have a pair of small horns on your head.
                  | [potion of mutation]
 41915 | Slime:4  | Lost mutation: Scrolls take you a little longer to read.
                  | [potion of mutation]
 41915 | Slime:4  | Lost mutation: You are agile. (Dex +2) [potion of mutation]
 41915 | Slime:4  | Gained mutation: You occasionally shout uncontrollably at
                  | your foes. [potion of mutation]
 41915 | Slime:4  | Gained mutation: Your spells are a little harder to cast,
                  | but a little more powerful. [potion of mutation]
 41915 | Slime:4  | Gained mutation: You have a pair of small antennae on your
                  | head. [potion of mutation]
 41915 | Slime:4  | Gained mutation: You passively map a small area around you.
                  | [potion of mutation]
 41940 | Slime:5  | Found a viscous altar of Jiyva.
 41940 | Slime:5  | Noticed the Royal Jelly
 41963 | Slime:5  | Killed the Royal Jelly
 41964 | Slime:5  | Reached skill level 10 in Evocations
 42231 | Slime:5  | Identified the +4 demon blade of Righteous Fury {freeze,
                  | SInv} (You found it on level 5 of the Pits of Slime)
 42261 | Slime:5  | Identified the +3 cloak "Cobeojar" {Int+2} (You found it on
                  | level 5 of the Pits of Slime)
 42264 | Slime:5  | Identified the +8 broad axe "Vyqug" {elec, *Slow rN+++
                  | Int-5 Dex+5} (You found it on level 5 of the Pits of Slime)
 42279 | Slime:5  | Got a slimy rune of Zot
 42291 | Slime:5  | Learned a level 1 spell: Apportation
 42294 | Slime:5  | Learned a level 2 spell: Blink
 42804 | Crypt:1  | Entered Level 1 of the Crypt
 42972 | Crypt:1  | Received a gift from Okawaru
 43747 | Crypt:2  | Reached XP level 23. HP: 113/237 MP: 32/32
 44036 | Crypt:2  | Noticed Margery
 44056 | Crypt:2  | Killed Margery
 44069 | Crypt:2  | Reached skill level 10 in Invocations
 44099 | Crypt:2  | Received a gift from Okawaru
 44134 | Crypt:2  | Slain by a juggernaut skeleton

Illustrated notes

Levels and vault maps discovered:
D:1:      nzn_arrival_settlement, layout_basic, minmay_strange_pillars,
          dk_noncrumbling_3
D:2:      layout_basic
D:3:      layout_basic, gammafunk_ghost_icy, nemelex_altar_shiori, uniq_grinder,
          uniq_jessica
D:4:      gammafunk_steamed_eel, layout_cave_pools, gammafunk_ghost_cemetery,
          kennysheep_generic_room_5
D:5:      layout_rooms, basic_altar
D:6:      layout_rooms, kennysheep_small_square, uniq_sigmund
D:7:      layout_basic, dancing_weapons_uskayaw, minmay_temple_entry_slanted
D:8:      layout_cave_pools, david_lair_shrubbed, grunt_livestock, uniq_harold,
          uniq_pikel, uniq_prince_ribbit1
D:9:      layout_basic, tso_altar, orc_0_dummy, serial_co_window_serial,
          co_window_paths_a, co_window_of_opportunity_a, co_window_corner_a,
          co_window_paths_a, co_window_paths_b, co_window_corner_a,
          co_window_paths_a, co_window_2corner, co_window_corner_ca,
          co_window_2corner, co_window_broadway_a, glass_columns_a,
          glass_columns_c
D:10:     kennysheep_big_flooded_room, layout_rooms
D:11:     minmay_octagon_keep, layout_loops_ring, serial_shops, shop_statue,
          minivault_27, uniq_fannar, uniq_gastronok, uniq_sonja
D:12:     layout_gridville, nicolae_dithmenos_shadow_blocks
D:13:     layout_long_grid, skrybe_vaults_entry_preservation,
          chequers_serial_rivers_micro_b, minivault_12, uniq_frances,
          uniq_josephine
D:14:     layout_roguey, minmay_misc_feat_plants, uniq_rupert
D:15:     grunt_enter_depths_hoard, layout_stronghold, serial_bayou_lagoon_a
Temple:   regret_index_temple_chain_breaker
Lair:1:   layout_regular_city, ebering_ghost_funeral_grove,
          serial_bayou_shore_a, grunt_megastairs_3, infiniplex_staircase_pool,
          minmay_lair_oklob_chamber, lemuel_fruit_tree
Lair:2:   layout_chaotic_city, elwin_shoals_entry_rocks, minivault_24
Lair:3:   layout_misc_corridors
Lair:4:   layout_cave_pods, spider_nest_entry_funnel_web,
          gauntlet_entry_generic, portal_ice_cave_entry_imps
Lair:5:   gammafunk_indiana_jones, layout_regular_city,
          dpeg_slime_entry_enclosed_altar, basic_altar, grunt_megastairs_2,
          infiniplex_staircase_pool_2, uniq_snorg
Lair:6:   guppyfry_lair_end_dragon, layout_cave_pods,
          hangedman_lair_caniforms_friends, grunt_megastairs_4
Shoals:1: cheibrodos_shoals_baths, layout_shoals, serial_shops, shop_statue,
          lemuel_altar_in_water
Shoals:2: layout_shoals, ebering_ghost_xom
Shoals:3: layout_shoals, uniq_ilsuiw
Shoals:4: shoals_end_simple, layout_shoals, minmay_shop_mayhem,
          nicolae_shoals_siren_and_animal_friends
Spider:1: layout_spider_delve, amcnicky_altar_lugonu_corruption
Spider:2: layout_spider_delve
Spider:3: layout_spider_delve, guppyfry_spider_mini_1
Spider:4: grunt_spider_rune_circles, minivault_29, uniq_louise, uniq_asterion,
          uniq_arachne
Slime:1:  layout_caves
Slime:2:  layout_caves
Slime:3:  cheibrodos_slime_lost_civilization_10, layout_caves,
          cheibrodos_slime_lost_civilization_4
Slime:4:  layout_caves, nicolae_slime_phagocytosis
Slime:5
Orc:1:    layout_diamond_mine
Orc:2:    st_orc_open, layout_caves
Elf:1:    layout_geoelf_octagon, minivault_28
Elf:2:    layout_geoelf_diagonals, uniq_agnes
Elf:3:    minmay_elf_hall_not_hex, layout_loops_corners, serial_shops, shop,
          grunt_ministairs_11, minmay_shoptagon
Vaults:1: nicolae_vaults_network_quincunx
          [nicolae_vaults_network_quincunx_subvault,
          nicolae_vaults_network_quincunx_subvault,
          nicolae_vaults_network_quincunx_subvault,
          nicolae_vaults_network_quincunx_subvault,
          nicolae_vaults_network_quincunx_subvault], v_misc_28, v_pattern_1,
          hangedman_vaults_stretched_pinwheel, ontoclasm_vaults_loading_screen,
          v_misc_8, v_misc_1, vaults_room_door_ring,
          nicolae_vaults_specimen_jars, layout_vaults_quadrants
Vaults:2: gammafunk_vaults_ghost_cemetery, vaults_dpeg_diagonal,
          hangedman_vaults_restitches, grunt_vaults_trifunnel,
          st_quartered_hall, nicolae_vaults_little_squares_4,
          vaults_standard_mumra_enter_the_diamond, ontoclasm_vaults_tryst,
          hangedman_vaults_hat, hangedman_vaults_stream, grunt_vaults_diagonal,
          vaults_room_grid, vaults_dpeg_ring, layout_vaults_maze
Vaults:3: v_misc_24, v_rooms_3, hangedman_vaults_trim, hangedman_vaults_unwind,
          minmay_crypt_entry_nasty_monster, vaults_mumra_hex,
          nicolae_vaults_shelves_hall, nicolae_vaults_circle_grid_a,
          dpeg_vaults_monster_row, ontoclasm_vaults_spin, nicolae_vaults_theta,
          nicolae_vaults_asterisk, layout_vaults_ring, basic_altar
Vaults:4: ontoclasm_vaults_gateway, v_misc_27, vaults_mumra_chevron, v_rooms_2,
          vaults_room_fours, v_misc_22, nicolae_vaults_ninety_degrees, v_misc_2,
          vaults_mumra_hexcomb, vaults_room_door_ring, layout_vaults_omnicross
Crypt:1:  layout_rooms
Crypt:2:  layout_regular_city, uniq_margery

Skill      XL: |  1  2  3  4  5  6  7  8  9 10 11 12 13 14 15 16 17 18 19 20 21 22 23 |
---------------+----------------------------------------------------------------------+-----
Unarmed Combat | 3 4 5 6 7 9 11 13 15 17 18 19 20 21 | 21.5
Shields        | 3 4 5 6 7 8 10 11 12 13 14 15 | 15.0
Invocations    | 4 6 8 9 10 | 10.0
Dodging        | 3 5 6 8 9 |  9.0
Fighting       | 3 5 7 9 10 11 13 15 16 | 16.1
Throwing       | 1 3 6 8 9 |  9.0
Armour         | 1 6 10 12 13 14 | 14.3
Evocations     | 4 6 8 9 10 | 10.0

Action                   |  1- 3 |  4- 6 |  7- 9 | 10-12 | 13-15 | 16-18 | 19-21 | 22-24 || total
-------------------------+-------+-------+-------+-------+-------+-------+-------+-------++-------
Melee: Unarmed           |    67 |    83 |   415 |   521 |  1286 |  1880 |  1835 |   711 ||  6798
       Hand axe          |       |       |       |       |    86 |    19 |       |       ||   105
Throw: Throwing net      |       |       |       |     1 |       |       |       |       ||     1
       Large rock        |       |       |       |       |       |     1 |     5 |     6 ||    12
Invok: Heroism           |       |       |     2 |    10 |    12 |    14 |    11 |     6 ||    55
       Finesse           |       |       |       |     1 |     5 |    12 |     7 |     3 ||    28
Evoke: Wand              |       |       |       |       |     1 |     3 |     7 |       ||    11
       Condenser vane    |       |       |       |       |       |     1 |     2 |       ||     3
  Use: Potion            |       |       |     4 |     3 |     2 |     1 |       |    13 ||    23
       Scroll            |       |       |     2 |    19 |     9 |     5 |     4 |     7 ||    46
 Stab: Sleeping          |       |       |     1 |       |     1 |       |     1 |       ||     3
       Distracted        |       |       |       |       |     1 |       |       |       ||     1
       Confused          |       |       |       |       |       |    10 |       |       ||    10
       Held in net/web   |       |       |       |       |       |     1 |       |       ||     1
Armor: Robe              |    29 |    11 |   127 |   117 |    61 |     4 |       |       ||   349
       Troll leather arm |       |       |       |       |    58 |       |       |       ||    58
       Swamp dragon scal |       |       |       |       |   158 |   380 |   194 |    43 ||   775
       Quicksilver drago |       |       |       |       |       |       |       |    84 ||    84
Dodge: Dodged            |    29 |    17 |   162 |   218 |   469 |   648 |   350 |   217 ||  2110
       Repelled          |       |       |       |       |     3 |     8 |    14 |    11 ||    36
Block: Kite shield       |    41 |    24 |   223 |   280 |    63 |       |       |       ||   631
       Tower shield      |       |       |       |       |  1082 |  1738 |  1234 |   524 ||  4578
